 Dungeon Crawl Stone Soup version 0.31.0-11-ge490571c62 (webtiles) character file.

Game seed: 770603010264474441

37093 mandarbmax the Unseen (level 14, 0/84 HPs)
             Began as a Kobold Fighter on Feb 5, 2024.
             Was an Elder of Wu Jian.
             Slain by an earth elemental (16 damage)
             ... on level 14 of the Dungeon.
             The game lasted 00:35:25 (15492 turns).

mandarbmax the Unseen (Kobold Fighter)             Turns: 15492, Time: 00:35:26

Health: 0/84       AC:  9    Str: 13    XL:     14   Next: 27%
Magic:  14/14      EV: 23    Int: 10    God:    Wu Jian [****..]
Gold:   1013       SH:  6    Dex: 19    Spells: 13/13 levels left

rFire   . . .        a - +3 rapier (drain)
rCold   . . .        c - +0 buckler
rNeg    . . .        U - +3 leather armour {rPois}
rPois   +            d - +2 helmet
rElec   .            n - scarf {+Inv}
rCorr   +            (no gloves)
SInv    .            (no boots)
Will    +....        K - amulet of faith
Stlth   +++++++      H - ring of resist corrosion
HPRegen 0.34/turn    T - +4 ring of slaying
MPRegen 0.14/turn

%: faith
@: mighty
A: small, no large weapons, nightstalker 3
a: Renounce Religion, Evoke Invisibility, Wall Jump, Serpent's Lash


You were on level 14 of the Dungeon.
You worshipped Wu Jian.
Wu Jian was greatly pleased with you.
You visited 2 branches of the dungeon, and saw 15 of its levels.
You also visited: Ossuary and Bailey.

You collected 1013 gold pieces.

Inventory:

Hand Weapons
 a - a +3 rapier of draining (weapon)
Missiles
 h - 22 poisoned darts (quivered)
 t - 18 boomerangs
 I - a throwing net
 X - 4 atropa-tipped darts
Armour
 c - a +0 buckler (worn)
 d - a +2 helmet (worn)
 n - a scarf of invisibility (worn)
 u - a +3 chain mail
 y - a +2 ring mail of fire resistance
 Q - a scarf of harm
 U - a +3 leather armour of poison resistance (worn)
Jewellery
 H - a ring of resist corrosion (left hand)
 K - an amulet of faith (around neck)
 R - an amulet of reflection
 T - a +4 ring of slaying (right hand)
Wands
 e - a wand of iceblast (21)
 j - a wand of flame (35)
 m - a wand of charming (26)
 E - a wand of mindburst (15)
 L - a wand of digging (4)
 N - a wand of polymorph (17)
 P - a wand of light (5)
Scrolls
 f - 13 scrolls of teleportation
 k - 4 scrolls of fog
 p - 4 scrolls of vulnerability
 z - 3 scrolls of fear
 A - a scroll of brand weapon
 G - 2 scrolls of amnesia
 J - 3 scrolls of enchant armour
 O - a scroll of revelation
 V - 4 scrolls of identify
 W - a scroll of immolation
Potions
 b - 2 potions of haste
 g - 3 potions of invisibility
 i - 7 potions of curing
 o - a potion of magic
 q - 2 potions of enlightenment
 s - 9 potions of heal wounds
 v - a potion of ambrosia
 B - 4 potions of attraction
 M - a potion of lignification
 S - 2 potions of cancellation
Miscellaneous
 r - a phial of floods


   Skills:
 + Level 8.4 Fighting
 - Level 14.0 Short Blades
 - Level 3.0 Armour
 + Level 13.5 Dodging
 + Level 16.5 Stealth
 + Level 7.7 Shields
 - Level 9.1 Evocations


You had 13 spell levels left.
You didn't know any spells.
Your spell library contained the following spells:

 Spells                   Type           Power      Damage    Failure   Level
 Shock                    Conj/Air       0%         1d3       52%         1
 Static Discharge         Conj/Air       0%         3-3/arc   67%         2
 Dazzling Flash           Conj/Hex       0%         N/A       88%         3
 Frozen Ramparts          Ice            0%         1d1       88%         3
 Mephitic Cloud           Conj/Alch/Air  0%         N/A       88%         3
 Tukima's Dance           Hex            0%         N/A       88%         3
 Dimensional Bullseye     Hex/Tloc       0%         N/A       99%         4
 Iskenderun's Mystic Bla  Conj/Tloc      0%         2d3       99%         4
 Leda's Liquefaction      Alch/Erth      0%         N/A       99%         4
 Petrify                  Alch/Erth      0%         N/A       99%         4
 Vhi's Electric Charge    Tloc/Air       0%         N/A       99%         4
 Arcjolt                  Conj/Air       0%         1d10      100%        5
 Curse of Agony           Necr           0%         N/A       100%        5
 Metabolic Englaciation   Hex/Ice        0%         N/A       100%        5
 Silence                  Hex/Air        0%         N/A       100%        5
 Maxwell's Capacitive Co  Air            0%         ∞         100%        8
 Chain Lightning          Conj/Air       0%         N/A       100%        9


Dungeon Overview and Level Annotations

Branches:
Dungeon (14/15)            Temple (1/1) D:4            Lair (0/5) D:9
    Orc (0/2) D:9          Vaults (0/5) D:13        Ossuary (visited)
 Bailey (visited)

Altars:
Ashenzari
Cheibriados
Dithmenos
Elyvilon
Fedhas
Gozag
Hepliaklqana
Kikubaaqudgha
Makhleb
Nemelex Xobeh
Okawaru
Qazlal
Ru
Sif Muna
Trog
Uskayaw
Vehumet
Wu Jian
Xom
Yredelemnul
Zin
The Shining One

Shops:
D:5 :   D:6 :


Innate Abilities, Weirdness & Mutations

You are small and have problems with some larger weapons.
You are completely attuned to the shadows.


Message History

The water engulfing you falls away.
You gasp with relief as air once again reaches your lungs.
You start resting.
HP restored.
You enter the shallow water.
Moving in this stuff is going to be slow.
You enter the shallow water.
Moving in this stuff is going to be slow.
You see here an electric eel skeleton.
An earth elemental comes into view.
The earth elemental hits you!!
You hit the earth elemental but do no damage.
You hit the earth elemental but do no damage.
You completely miss the earth elemental.
The earth elemental barely misses you.
An earth elemental comes into view.
You hit the earth elemental but do no damage.
You hit the earth elemental.
The earth elemental is lightly damaged.
You hit the earth elemental.
The earth elemental is lightly damaged.
The earth elemental hits you!!
Okay, then.
You feel very mighty all of a sudden.
You puncture the earth elemental!
The earth elemental is moderately damaged.
You hit the earth elemental.
The earth elemental is moderately damaged.
The earth elemental hits you!!
* * * LOW HITPOINT WARNING * * *
You puncture the earth elemental!
The earth elemental is heavily damaged.
You hit the earth elemental.
The earth elemental is severely damaged.
You hit the earth elemental.
The earth elemental is severely damaged.
You puncture the earth elemental!
The earth elemental is almost destroyed.
The earth elemental hits you!
You die...

#.# #.# #.##.#### #.#
#.#### #.##..... #.#
#....####....###. #.#
#.#........(.....
##.#####................
##.....#.#............[.
######.#.#######.#.#####
.........# ####.####
######.### #.#@#.#.# #.#
#E###.#### #>#
#E##.##.#.# ######.#
#.##...##.##
.......#####.##(...(##.#
#####.....### ##.#.##.##
#.....# ##.##.#.#
#.....# #=#.#### #.....#
#.#.#.#


You could see 2 earth elementals.

Vanquished Creatures
  Kirke (D:14)
  An ironbound preserver (D:13)
  Nessos (D:14)
  Azrael (D:14)
  2 catoblepae (D:14)
  A hydra (D:13)
  A rakshasa (D:14)
  3 two-headed ogres
  4 centaur warriors (D:13)
  4 boulder beetles
  9 slime creatures
  An orc knight (Bailey)
  A deep elf pyromancer (Bailey)
  3 manticores
  9 ugly things
  3 cyclopes
  2 gargoyles (D:12)
  2 kobold demonologists
  2 efreet (D:13)
  2 komodo dragons
  A hornet (D:8)
  7 trolls
  Sigmund (D:6)
  3 shadows
  3 wraiths
  A water elemental (D:14)
  19 yaks
  A hog (D:14)
  2 fire elementals (D:14)
  7 vampire mosquitoes
  2 humans (D:10)
  2 basilisks (D:14)
  Edmund (D:4)
  4 hell hounds (D:14)
  3 water moccasins
  2 acid dragons (D:11)
  An ice beast (D:7)
  6 orc warriors
  3 black bears
  2 sky beasts
  3 ogres
  6 centaurs
  3 phantoms
  6 elf zombies (Ossuary)
  7 bullfrogs
  A gnoll sergeant (D:8)
  2 earth elementals (D:14)
  3 scorpions
  4 wights (D:6)
  13 killer bees
  A killer bee (shapeshifter) (D:13)
  14 howler monkeys
  3 electric eels
  3 bombardier beetles
  A centaur zombie (Ossuary)
  4 hounds
  3 human zombies (Ossuary)
  A jelly (D:7)
  5 orc priests
  2 iguanas
  3 gnoll boudas (D:9)
  A sleepcap (D:6)
  8 orc wizards
  Ijyb (D:3)
  A crocodile zombie (Ossuary)
  3 mummies (Ossuary)
  Robin (D:3)
  14 gnolls
  3 adders
  A shadow imp (D:8)
  A ribbon worm zombie (D:5)
  A white imp (D:6)
  2 ufetubi (D:5)
  3 ribbon worms
  2 dart slugs
  31 orcs
  2 bats
  4 endoplasms
  3 giant cockroaches
  5 goblins
  7 hobgoblins
  9 jackals
  5 quokkas
  8 ball pythons
  3 frilled lizards
  6 kobolds
  6 rats
343 creatures vanquished.

Vanquished Creatures (others)
  An ugly thing (D:14)
  2 humans (D:14)
3 creatures vanquished.

Grand Total: 346 creatures vanquished

Notes
Turn   | Place    | Note
-------+----------+-------------------------------------------
     0 | D:1      | mandarbmax the Kobold Fighter began the quest for the Orb.
     0 | D:1      | Reached XP level 1. HP: 14/14 MP: 1/1
   355 | D:1      | Reached XP level 2. HP: 11/19 MP: 2/2
   989 | D:2      | Reached XP level 3. HP: 17/23 MP: 3/3
  1342 | D:2      | Reached skill level 5 in Short Blades
  1683 | D:2      | Reached XP level 4. HP: 28/28 MP: 4/4
  2091 | D:3      | Noticed Ijyb
  2092 | D:3      | Noticed Robin
  2104 | D:3      | Reached skill level 1 in Dodging
  2126 | D:3      | Killed Ijyb
  2127 | D:3      | Reached XP level 5. HP: 15/32 MP: 5/5
  2138 | D:3      | Killed Robin
  2431 | D:3      | Found a snail-covered altar of Cheibriados.
  3130 | D:4      | Noticed a phantom
  3143 | D:4      | Killed a phantom
  3144 | D:4      | Reached XP level 6. HP: 19/38 MP: 6/6
  3362 | D:4      | Found a staircase to the Ecumenical Temple.
  3368 | Temple   | Entered the Ecumenical Temple
  3421 | D:4      | Noticed Edmund
  3627 | D:4      | Noticed an ogre
  3643 | D:4      | Killed an ogre
  3644 | D:4      | Reached skill level 1 in Stealth
  3644 | D:4      | Reached XP level 7. HP: 30/43 MP: 7/7
  3714 | D:4      | Reached skill level 2 in Stealth
  3989 | D:4      | Reached skill level 3 in Stealth
  4148 | D:4      | Killed Edmund
  4149 | D:4      | Reached XP level 8. HP: 32/48 MP: 8/8
  4496 | D:5      | Entered Level 5 of the Dungeon
  4516 | D:5      | Reached skill level 4 in Stealth
  4560 | D:5      | Found a sand-covered staircase.
  4585 | Ossuary  | Entered an ossuary
  4623 | Ossuary  | Reached skill level 5 in Stealth
  4713 | Ossuary  | Reached skill level 10 in Short Blades
  4941 | Ossuary  | Reached skill level 6 in Stealth
  5113 | Ossuary  | Reached XP level 9. HP: 52/52 MP: 9/9
  5367 | D:5      | Reached skill level 7 in Stealth
  5388 | D:5      | Found Imaat's Vocational Training.
  5411 | D:5      | Found a sparkling altar of Nemelex Xobeh.
  6252 | D:6      | Found Niexonunn's Book Boutique.
  6295 | D:6      | Found a shadowy altar of Dithmenos.
  6343 | D:6      | Found an ornate altar of the Wu Jian Council.
  6359 | D:6      | Became a worshipper of the Wu Jian Council
  6602 | D:6      | Reached skill level 1 in Evocations
  6873 | D:6      | Noticed Sigmund
  6897 | D:6      | Killed Sigmund
  6898 | D:6      | Reached skill level 8 in Stealth
  7161 | D:6      | Reached skill level 5 in Dodging
  7193 | D:6      | Reached XP level 10. HP: 46/56 MP: 10/10
  7901 | D:8      | Reached skill level 9 in Stealth
  7932 | D:8      | Reached * piety under Wu Jian
  8239 | D:8      | Found a blossoming altar of Fedhas.
  8751 | D:9      | Found a flagged portal.
  8757 | Bailey   | Entered a bailey
  8912 | Bailey   | Found a large runed translucent door.
  8912 | Bailey   | Noticed an orc knight
  8913 | Bailey   | Found a large runed translucent door.
  8913 | Bailey   | Noticed a deep elf pyromancer
  8920 | Bailey   | Killed an orc knight
  8920 | Bailey   | Reached ** piety under Wu Jian
  8921 | Bailey   | Reached skill level 5 in Evocations
  9164 | Bailey   | Killed a deep elf pyromancer
  9165 | Bailey   | Reached skill level 10 in Stealth
  9165 | Bailey   | Reached XP level 11. HP: 56/61 MP: 11/11
  9183 | Bailey   | Identified the +10 orcbow of the Known World {heavy, rN++
                  | Str-2 Dex+4}
  9185 | Bailey   | Got the Folio of Inhalation
  9395 | D:9      | Found a white marble altar of Elyvilon.
  9577 | D:9      | Reached skill level 11 in Stealth
  9589 | D:9      | Found a sacrificial altar of Ru.
  9703 | D:9      | Noticed a two-headed ogre
  9846 | D:9      | Killed a two-headed ogre
  9961 | D:9      | Found a staircase to the Orcish Mines.
 10096 | D:9      | Noticed a two-headed ogre
 10098 | D:9      | Killed a two-headed ogre
 10098 | D:9      | Reached *** piety under Wu Jian
 10099 | D:9      | Reached skill level 12 in Stealth
 10251 | D:9      | Found a staircase to the Lair.
 10483 | D:10     | Entered Level 10 of the Dungeon
 10970 | D:10     | Found an iron altar of Okawaru.
 11506 | D:11     | Reached XP level 12. HP: 66/66 MP: 12/12
 11564 | D:11     | Reached skill level 10 in Dodging
 11610 | D:11     | Reached skill level 13 in Stealth
 11610 | D:11     | Reached **** piety under Wu Jian
 12273 | D:12     | Found a broken altar of Ashenzari.
 12296 | D:12     | Noticed a two-headed ogre
 12302 | D:12     | Killed a two-headed ogre
 12317 | D:12     | Reached skill level 5 in Shields
 12482 | D:12     | Noticed a boulder beetle
 12485 | D:12     | Killed a boulder beetle
 12831 | D:12     | Reached skill level 14 in Stealth
 13256 | D:13     | Reached skill level 5 in Fighting
 13256 | D:13     | Reached XP level 13. HP: 62/72 MP: 13/13
 13422 | D:13     | Noticed a centaur warrior
 13423 | D:13     | Noticed a centaur warrior
 13432 | D:13     | Killed a centaur warrior
 13433 | D:13     | Killed a centaur warrior
 13735 | D:13     | Noticed a centaur warrior
 13745 | D:13     | Noticed a centaur warrior
 13750 | D:13     | Killed a centaur warrior
 13762 | D:13     | Noticed a five-headed hydra
 13763 | D:13     | Noticed an ironbound preserver
 13767 | D:13     | Killed a five-headed hydra
 13768 | D:13     | Killed an ironbound preserver
 13769 | D:13     | Reached skill level 15 in Stealth
 13770 | D:13     | Found a gate to the Vaults.
 13913 | D:13     | Killed a centaur warrior
 14270 | D:14     | Noticed Azrael
 14272 | D:14     | Killed Azrael
 14428 | D:14     | Noticed a catoblepas
 14431 | D:14     | Killed a catoblepas
 14617 | D:14     | Noticed a rakshasa
 14621 | D:14     | Killed a rakshasa
 14649 | D:14     | Noticed Kirke
 14653 | D:14     | Killed Kirke
 14654 | D:14     | Reached skill level 16 in Stealth
 14654 | D:14     | Reached XP level 14. HP: 76/83 MP: 14/14
 14887 | D:14     | Reached ***** piety under Wu Jian
 15091 | D:14     | Noticed Nessos
 15092 | D:14     | Killed Nessos
 15492 | D:14     | Slain by an earth elemental

Illustrated notes

Levels and vault maps discovered:
D:1:      moated_graveyard_arrival, layout_loops_cross
D:2:      layout_basic
D:3:      layout_loops_corners, mainiacjoe_overflow_cross_hatched,
          nicolae_goblin_pals
D:4:      layout_gridville, minmay_temple_entry_junction,
          ebering_dispersal_statue_hall, uniq_edmund
D:5:      layout_gridville, nemelex_diamond_rough_becter, enter_ossuary_3,
          grunt_decor_junction, chequers_decorated_corner,
          nicolae_shop_vocational
D:6:      layout_cave_pods, nzn_wu_jian_contemplation,
          mainiacjoe_overflow_brackets, serial_shops, shop, uniq_sigmund
D:7:      layout_rooms, chequers_serial_rivers_micro_a
D:8:      layout_loops_ring, mainiacjoe_overflow_chevrons
D:9:      layout_basic, lemuel_coloured_pillars_altar, elyvilon_altar_5,
          grunt_lair_entry_orc_guard_hut, enter_bailey_2, fountainhead,
          minmay_joined_circles
D:10:     layout_cross, okawaru_humans
D:11:     nicolae_BIG_FREAKIN_CUBE, layout_basic
D:12:     layout_rooms, ashenzari_conservatory_becter
D:13:     layout_irregular_city, skrybe_vaults_entry_preservation
D:14:     layout_loops_ring, serial_bayou_shore_a, hangedman_cracks_in_the_wall,
          uniq_nessos, uniq_kirke, uniq_azrael
Temple:   eino_narrow_crystal_temple

Skill      XL: |  1  2  3  4  5  6  7  8  9 10 11 12 13 14 |
---------------+-------------------------------------------+-----
Short Blades   | 3 4 5 6 7 8 10 12 14 | 14.0
Dodging        | 1 2 3 5 7 9 11 13 | 13.5
Fighting       | 4 5 7 8 |  8.4
Shields        | 3 5 7 |  7.7
Armour         | 3 |  3.0
Stealth        | 1 3 6 8 10 12 14 16 | 16.5
Evocations     | 2 5 8 9 |  9.1

Action                     |  1- 3 |  4- 6 |  7- 9 | 10-12 | 13-15 || total
---------------------------+-------+-------+-------+-------+-------++-------
  Melee: Rapier            |   116 |   159 |   416 |   580 |   200 ||  1471
         Dagger            |       |    13 |   125 |    27 |       ||   165
  Throw: Dart              |       |     1 |     4 |     8 |       ||    13
 Invoke: Serpent's Lash    |       |       |       |     1 |     6 ||     7
Ability: Lunge             |       |       |     7 |    64 |    31 ||   102
         Whirlwind         |       |       |       |    20 |    17 ||    37
         Evoke Invisibilit |       |       |       |     8 |     5 ||    13
         Wall Jump         |       |       |       |     1 |       ||     1
    Use: Potion            |     1 |     2 |     1 |     7 |     4 ||    15
         Scroll            |     1 |     1 |     6 |    16 |     2 ||    26
   Stab: Sleeping          |     2 |     1 |    12 |    31 |    34 ||    80
         Distracted        |     1 |       |       |     7 |     2 ||    10
         Invisible         |       |       |       |    49 |    19 ||    68
 Armour: Scale mail        |    50 |    89 |    26 |       |       ||   165
         Ring mail         |       |       |   170 |   112 |       ||   282
         Skin              |       |       |     6 |       |       ||     6
         Leather armour    |       |       |       |    28 |    32 ||    60
  Dodge: Dodged            |    56 |    90 |   167 |   252 |    62 ||   627
  Block: Buckler           |    17 |    31 |    58 |    85 |    17 ||   208
